 Dungeon Crawl Stone Soup version 0.18-a0-29-gce27f3c (webtiles) character file.

2 Duffy the Skirmisher (level 1, 0/18 HPs)
             Began as a Formicid Berserker on Nov 4, 2015.
             Was a Follower of Trog.
             Slain by a hobgoblin
             ... wielding a +0 club
              (5 damage)
             ... on level 1 of the Dungeon.
             The game lasted 00:00:21 (243 turns).

Duffy the Skirmisher (Formicid Berserker)            Turns: 243, Time: 00:00:21

Health: 0/18       AC:  2    Str: 21    XL:     1   Next: 44%
Magic:  1/1        EV: 12    Int:  6    God:    Trog [*.....]
Gold:   0          SH:  0    Dex: 10    Spells: 0 memorised, 0 levels left

rFire  . . .     SeeInvis +     a - +0 falchion
rCold  . . .     Clarity  .     b - +0 animal skin
rNeg   . . .     SustAt   .     (no shield)
rPois  .         Gourm    .     (helmet unavailable)
rElec  .         Spirit   .     (no cloak)
rCorr  .         Warding  .     (no gloves)
rMut   .         Stasis   +     (no boots)
MR     .....                    (no amulet)
Stlth  +.........               (no ring)
                                (no ring)

@: not resistant to hostile enchantments, very unstealthy
A: permanent stasis, dig shafts and tunnels, four strong arms, antennae 3
a: Dig, Shaft Self, Burn Spellbooks, Renounce Religion


You were on level 1 of the Dungeon.
You worshipped Trog.
Trog was aware of your devotion.
You were not hungry.

You visited 1 branch of the dungeon, and saw 1 of its levels.


Innate Abilities, Weirdness & Mutations

You are under a permanent stasis effect.
You can dig through walls and to a lower floor.
Your four strong arms can wield two-handed weapons with a shield.
You have a pair of large antennae on your head (SInv).


   Skills:
 - Level 3.2 Fighting
 + Level 3.2 Long Blades
 - Level 2.1 Armour
 - Level 1.7 Dodging


You couldn't memorise any spells.
You didn't know any spells.

Inventory:

Hand Weapons
 a - a +0 falchion (weapon)
Armour
 b - a +0 animal skin (worn)
Scrolls
 d - a scroll of immolation {unknown}
 e - a scroll of identify {unknown}
 f - a scroll of teleportation {unknown}
 g - a scroll of magic mapping {unknown}
Comestibles
 c - a bread ration

Dungeon Overview and Level Annotations

Branches:
Dungeon (1/15)

Altars:


Message History

Found a stone staircase leading down.
You see here a scroll labeled HIAGIDD OV TAG.
f - a scroll labeled HIAGIDD OV TAG You miss the goblin.
The goblin hits you but does no damage.
You hit the goblin but do no damage. The goblin hits you with a dagger.
You slash the goblin!
You kill the goblin!
Trog accepts your kill.
No target in view!
No target in view!
Things that are here:
a dagger; a goblin corpse
Found 22 arrows.
g - a scroll labeled HECOPI OTIMUCA A hobgoblin comes into view.
It is wielding a club.
The hobgoblin shouts!
Found a scroll labeled RADGHE WUSTRUEPP.
A hobgoblin comes into view. It is wielding a club.
The hobgoblin shouts!
The hobgoblin hits you with a club.
You hit the hobgoblin but do no damage. The hobgoblin barely misses you.
You barely miss the hobgoblin. The hobgoblin hits you with a club!
You are too injured to fight recklessly!
You are too injured to fight recklessly!
You barely miss the hobgoblin.
The hobgoblin hits you but does no damage.
You hit the hobgoblin.
The hobgoblin is severely wounded.
The hobgoblin misses you.
You hit the hobgoblin but do no damage.
The hobgoblin is severely wounded.
The hobgoblin hits you with a club. The hobgoblin closely misses you.
The hobgoblin hits you with a club. x2
You die...

..........#......P≈≈≈P.....#
.......#..#.......P≈P......+
..................P.......#
...##.#..#................#
.................<........
..........................
........#.#......P........
#.#..#..#.#.....P≈P....... #
#..#..#@#....P≈≈≈P......
..#.#..#...gg...P≈≈≈≈≈P.....
.......#.......P≈≈≈≈≈≈≈P....
..............P≈≈≈≈≈≈≈≈≈P...
.......#..#.#.###########...
...............(...... #.#.
###.###.............# #.#. #
###...........## #.#.
###..........# #.#.


You could see 2 hobgoblins.

Action                   || total
-------------------------++-------
Melee: Falchion          ||    11

Notes
Turn   | Place    | Note
--------------------------------------------------------------
     0 | D:1      | Duffy the Formicid Berserker began the quest for the Orb.
     0 | D:1      | Reached XP level 1. HP: 18/18 MP: 1/1
   243 | D:1      | Slain by a hobgoblin

Vault maps used:
D:1:      eino_arrival_druids_welcome, grunt_decor_arrowhead, minmay_unequal

Vanquished Creatures
  A ball python
  A goblin
2 creatures vanquished.
